 Dungeon Crawl Stone Soup version 0.28-a0-1339-ga5422284a4 (webtiles) character file.

Game seed: 824496015952336586

73 ReploidZero the Sneak (level 4, -4/27 HPs)
             Began as a Kobold Brigand on Dec 28, 2021.
             Slain by Robin (11 damage)
             ... on level 2 of the Dungeon.
             The game lasted 00:05:29 (2053 turns).

ReploidZero the Sneak (Kobold Brigand)              Turns: 2053, Time: 00:05:29

Health: -4/27      AC:  4    Str:  8    XL:     4   Next: 51%
Magic:  4/4        EV: 15    Int: 12    God:
Gold:   143        SH:  0    Dex: 18    Spells: 3/3 levels left

rFire   . . .      SeeInvis .   a - +2 dagger
rCold   . . .      Faith    .   (no shield)
rNeg    + . .      Spirit   .   b - +0 robe
rPois   .          Reflect  .   (no helmet)
rElec   .          Harm     .   c - +0 cloak
rCorr   .          Rampage  .   j - +0 pair of gloves
Will    .....                   (no boots)
Stlth   ++++......              (no amulet)
HPRegen 0.09/turn               g - ring of positive energy
MPRegen 0.09/turn               (no ring)

@: no status effects
A: small, no large weapons, nightstalker 3
a: no special abilities


You were on level 2 of the Dungeon.
You visited 1 branch of the dungeon, and saw 2 of its levels.

You collected 143 gold pieces.

Inventory:

Hand Weapons
 a - a +2 dagger (weapon)
Missiles
 d - 8 poisoned darts (quivered)
Armour
 b - a +0 robe (worn)
 c - a +0 cloak (worn)
 j - a +0 pair of gloves (worn)
Jewellery
 g - a ring of positive energy (left hand)
Scrolls
 f - a scroll of magic mapping {unknown}
Potions
 h - a potion of curing {unknown}


   Skills:
 + Level 2.8 Fighting
 + Level 3.5 Short Blades
 - Level 2.1 Throwing
 + Level 2.4 Dodging
 * Level 6.4 Stealth


You had 3 spell levels left.
You didn't know any spells.
Your spell library was empty.

Dungeon Overview and Level Annotations

Branches:
Dungeon (2/15)

Altars:

Annotations:
D:2 Robin


Innate Abilities, Weirdness & Mutations

You are small and have problems with some larger weapons.
You are completely attuned to the shadows.


Message History

There is a stone staircase leading down here.
You see here a +0 dagger.
Things that are here:
a +0 club; a +0 hunting sling of flaming; 28 stones Throw: 2 darts (curare)
Press: ? - help, Q - select action, (/) - cycle Shift-Dir - straight line, f - hobgoblin
Aim: a hobgoblin (strong, 63% to hit)
You throw a curare-tipped dart.
The curare-tipped dart hits the hobgoblin.
The hobgoblin is poisoned.
The hobgoblin convulses.
You kill the hobgoblin!
Items here: ( )) †.
Okay, then.
A goblin is nearby!
A goblin is nearby!
The goblin hits you with a +0 club.
You barely miss the goblin. The goblin hits you but does no damage.
You closely miss the goblin. The goblin closely misses you.
Robin shouts!
You hit the goblin.
You kill the goblin!
You hear a shout! x3
Robin roars a battlecry!
You hear a shout! x2
You see here a +0 club.
You hit Robin but do no damage. You hit Robin but do no damage.
Robin hits you with a +9 club!
You barely miss Robin. Robin hits you with a +9 club!
* * * LOW HITPOINT WARNING * * *
You are too injured to fight recklessly!
You are too injured to fight recklessly!
Throw: dart (curare)
Press: ? - help, Q - select action, (/) - cycle Shift-Dir - straight line, f - Robin
Aim: Robin, wielding a +9 club, wearing a +0 animal skin and wearing a +0 helmet (70% to hit)
You throw a curare-tipped dart. The curare-tipped dart hits Robin.
Robin is poisoned.
Robin convulses.
Robin seems to slow down.
Robin is heavily wounded.
Robin hits you with a +9 club!
You die...

####.#####
#.####
....#..).#
#.....
#####.###.#
######
#.....# #.#
#.##### #.#
#.# #.# #.#
#.# #.# #.#
#@# #.# #g#
####)########


#gg .....>.g..g.. #### ##########.## #...## #.#.#g #.###. # #. ## You could see
Robin (very poisoned, slow) and 2 goblins.

Vanquished Creatures
  Jessica (D:2)
  A dart slug (D:1)
  A bat (D:1)
  4 endoplasms
  10 goblins
  5 hobgoblins
  2 kobolds
  4 quokkas (D:1)
  3 ball pythons
  4 frilled lizards
  5 rats
40 creatures vanquished.

Notes
Turn   | Place    | Note
-------+----------+-------------------------------------------
     0 | D:1      | ReploidZero the Kobold Brigand began the quest for the Orb.
     0 | D:1      | Reached XP level 1. HP: 12/12 MP: 1/1
   201 | D:1      | Reached XP level 2. HP: 18/18 MP: 2/2
   328 | D:1      | Found a faded altar of an unknown god.
   594 | D:1      | Reached XP level 3. HP: 22/22 MP: 3/3
  1330 | D:2      | Noticed Jessica
  1336 | D:2      | Killed Jessica
  1337 | D:2      | Reached skill level 6 in Stealth
  1337 | D:2      | Reached XP level 4. HP: 20/27 MP: 4/4
  1446 | D:2      | Noticed Robin
  2053 | D:2      | Slain by Robin

Illustrated notes

Levels and vault maps discovered:
D:1:      evilmike_arrival_crescent, layout_loops_corners,
          basic_ecumenical_altar, dk_noncrumbling_4
D:2:      layout_loops_ring, serial_rivers, chequers_serial_rivers_micro_b,
          chequers_serial_rivers_large_a, chequers_serial_rivers_micro_c,
          chequers_serial_rivers_micro_b, uniq_robin, uniq_jessica

Skill      XL: |  1  2  3 |
---------------+----------+-----
Short Blades   | 3 |  3.5
Dodging        | 2 |  2.4
Stealth        | 6 |  6.4
Fighting       | |  2.8
Throwing       | |  2.1

Action                   |  1- 3 |  4- 6 || total
-------------------------+-------+-------++-------
Melee: Dagger            |    53 |    43 ||    96
Throw: Dart              |     1 |     2 ||     3
  Use: Scroll            |       |     2 ||     2
 Stab: Sleeping          |    13 |     8 ||    21
Armor: Robe              |     5 |     6 ||    11
Dodge: Dodged            |    15 |    24 ||    39

Table legend: (Time is in decaauts)
 A = Elapsed time spent in this place.
 B = Non-inter-level travel time spent in this place.
 C = Inter-level travel time spent in this place.
 D = Time resting spent in this place.
 E = Time spent auto-exploring this place.
 F = Levels seen in this place.
 G = Mean time per level.
                   A        B        C        D        E       F      G
               +--------+--------+--------+--------+--------+-----+--------+
         Total |   2045 |   1992 |     53 |      0 |   1695 |   2 | 1022.5 |
       Dungeon |   2045 |   1992 |     53 |      0 |   1695 |   2 | 1022.5 |
               +--------+--------+--------+--------+--------+-----+--------+

Top non-repeatable levels by time:
     D:1: 1294 daAuts
     D:2: 751 daAuts
